 Dungeon Sprint DCSS version 0.21.2 (webtiles) character file.

11800000 Fang the Axe Maniac (level 27, -11/246 (249) HPs)
             Began as a Demonspawn Gladiator on Oct 16, 2018.
             Was the Champion of Makhleb.
             Killed from afar by a scourge (46 damage)
             ... with a poison arrow
             ... in the Dungeon (Sprint VIII: "Arena of Blood").
             The game lasted 00:04:57 (118 turns).

Fang the Axe Maniac (Demonspawn Gladiator)           Turns: 118, Time: 00:04:59

HP:   -11/246 (249) AC: 20    Str: 27    XL:     27
MP:   42/54         EV: 32    Int: 10    God:    Makhleb [******]
Gold: 0             SH:  0    Dex: 15    Spells: 80/80 levels left

rFire    . . .     SeeInvis .   l - +∞ Axe of Woe
rCold    . . .     Gourm    .   (shield currently unavailable)
rNeg     + . .     Faith    .   b - +0 leather armour
rPois    .         Spirit   .   c - +0 helmet
rElec    .         Reflect  .   (no cloak)
rCorr    .         Harm     .   (no gloves)
MR       ++...     NoTele   +   (boots unavailable)
Stlth    +++++++++.             (no amulet)
HPRegen  10.51/turn             (no ring)
MPRegen  0.34/turn              (no ring)

@: lethally poisoned (-11 -> -11), sanguine armour
A: talons 3, negative energy resistance 1, powered by death 3, spiny 3, 50%
torment resistance, black mark, sanguine armour 3
a: Minor Destruction, Lesser Servant of Makhleb, Major Destruction, Greater
Servant of Makhleb, Renounce Religion


You were in the Dungeon.
You worshipped Makhleb.
Makhleb was exalted by your worship.
You were not hungry.

You visited 1 branch

Inventory:

Hand Weapons
 a - a +0 war axe
 l - the +∞ Axe of Woe (weapon)
   (You found it in the Dungeon)
Missiles
 d - 3 throwing nets (quivered)
Armour
 b - a +0 leather armour (worn)
 c - a +0 helmet (worn)
Scrolls
 k - a scroll of blinking
Potions
 e - a potion of curing
 g - a potion of heal wounds
 h - a potion of haste
 i - 2 potions of magic
 j - a potion of berserk rage
Comestibles
 f - a ration


   Skills:
 O Level 27 Fighting
   Level 12.0(13.9) Short Blades
   Level 12.1(13.9) Long Blades
 O Level 27 Axes
   Level 12.1(22.1) Maces & Flails
   Level 12.1(22.1) Polearms
   Level 12.2(15.6) Staves
   Level 12.1(21.2) Slings
   Level 12.1 Bows
   Level 12.1 Crossbows
 O Level 27 Throwing
 O Level 27 Armour
 O Level 27 Dodging
 O Level 27 Stealth
   Level 12.1 Shields
 O Level 27 Unarmed Combat
 O Level 27 Spellcasting
   Level 13.1 Conjurations
   Level 13.2 Hexes
   Level 11.9 Charms
   Level 13.0 Summonings
   Level 14.0 Necromancy
   Level 12.1 Translocations
   Level 12.2 Transmutations
   Level 12.1 Fire Magic
   Level 12.1 Ice Magic
   Level 12.3 Air Magic
   Level 12.3 Earth Magic
   Level 13.1 Poison Magic
 O Level 27 Invocations
   Level 13.1 Evocations


You had 80 spell levels left.
You didn't know any spells.

Dungeon Overview and Level Annotations

Branches:
Dungeon (1/1)

Altars:
Makhleb


Innate Abilities, Weirdness & Mutations

You have claws for feet.
You resist negative energy. (rN+)
You regenerate a lot of health from kills.
You are completely covered in sharp spines.
You are somewhat able to resist unholy torments (1 in 2 success).
Your melee attacks may debilitate your foes.
When seriously injured, your bleeding wounds create very thick armour. (AC +12)


Message History

The scourge is struck by your spines. The scourge barely misses you.
The eight-headed meat hydra calls on the powers of darkness!
The eight-headed meat hydra convulses!
The bag of meat convulses! x2
The meat berserker convulses!
The scourge convulses!
Your body is wracked with pain!
* * * LOW HITPOINT WARNING * * *
The scourge convulses!
The eight-headed meat hydra convulses!
The bag of meat convulses!
The scourge convulses!
The accursed points at you and mumbles some strange words.
Something smites you!
* * * LOW HITPOINT WARNING * * *
You hear a shout!
The dread is struck by your spines. The dread completely misses you.
The accursed points at you and mumbles some strange words.
Something smites you!
* * * LOW HITPOINT WARNING * * *
The scourge throws poison arrow at you. The poison arrow hits you!
You are more poisoned.
You die...

......{2o .......
#.......# ....%%. .
#.......# ....%.L
..###.....MM###.......
......###O§..........
......_..WoDW..S.%..
#..)..#W§M)...#.#
#_.<._#§@))..%...
.#.)))x#xS§)..#%#.
......_))%))).......
......###)))))%.D.#.#
..###...M.).###.o.....
. #...o...# ...S.%.
#....%..# .......
......... .....%.
....%..... #..%#


You could see 4 accurseds, a meat beast, 2 eight-headed meat hydras, 3 scourges,
3 dreads, a meat berserker (berserk), 3 bags of meat and a crawling corpse.

Vanquished Creatures
  12 hell beasts (D)
  6 greater mummies (D)
  2 wraiths (D)
  Harold (D)
  11 two-headed ogres (D)
  9 liches (D)
  79 orcs (D)
  6 phantoms (D)
  5 skeletal warriors (D)
  9 large abominations (D)
  10 small abominations (D)
  5 crawling corpses (D)
  12 vampire knights (D)
  36 ogres (D)
203 creatures vanquished.

Vanquished Creatures (others)
  4 crawling corpses (D)
4 creatures vanquished.

Grand Total: 207 creatures vanquished

Notes
Turn   | Place    | Note
-------+----------+-------------------------------------------
     0 | D        | Found the +∞ Axe of Woe
     0 | D        | Fang the Demonspawn Gladiator began the quest for the Orb.
     0 | D        | Reached XP level 1. HP: 16/16 MP: 1/1
     4 | D        | Became a worshipper of Makhleb the Destroyer
     6 | D        | Noticed a bag of meat
     7 | D        | Noticed a bag of meat
     9 | D        | Noticed a meat berserker
     9 | D        | Noticed a bag of meat
    10 | D        | Noticed a meat berserker
    11 | D        | Noticed a meat berserker
    11 | D        | Noticed a meat berserker
    11 | D        | Killed a bag of meat
    11 | D        | Reached skill level 10 in Fighting
    11 | D        | Gained mutation: You are partially covered in sharp spines. [demonic ancestry]
    11 | D        | Reached XP level 2. HP: 36/36 MP: 2/2
    11 | D        | Reached XP level 3. HP: 42/42 MP: 3/3
    11 | D        | Reached XP level 4. HP: 48/48 MP: 4/4
    11 | D        | Gained mutation: When seriously injured, your bleeding wounds create armour. (AC +12) [demonic ancestry]
    11 | D        | Reached XP level 5. HP: 54/54 MP: 5/5
    11 | D        | Reached XP level 6. HP: 61/61 MP: 6/6
    11 | D        | Reached XP level 7. HP: 67/67 MP: 7/7
    11 | D        | Gained mutation: You regenerate a little health from kills. [demonic ancestry]
    11 | D        | Reached XP level 8. HP: 73/73 MP: 8/8
    11 | D        | Gained mutation: You have sharp toenails. [demonic ancestry]
    11 | D        | Reached XP level 9. HP: 79/79 MP: 9/9
    11 | D        | Reached XP level 10. HP: 86/86 MP: 10/10
    11 | D        | Gained mutation: You are mostly covered in sharp spines. [demonic ancestry]
    11 | D        | Reached XP level 11. HP: 92/92 MP: 11/11
    12 | D        | Killed a meat berserker
    12 | D        | Reached * piety under Makhleb
    12 | D        | Gained mutation: You are completely covered in sharp spines. [demonic ancestry]
    12 | D        | Reached XP level 12. HP: 103/103 MP: 12/12
    12 | D        | Gained mutation: When seriously injured, your bleeding wounds create thick armour. (AC +12) [demonic ancestry]
    12 | D        | Reached XP level 13. HP: 109/109 MP: 13/13
    12 | D        | Killed a bag of meat
    12 | D        | Gained mutation: You have razor-sharp toenails. [demonic ancestry]
    12 | D        | Reached XP level 14. HP: 119/119 MP: 14/14
    12 | D        | Killed a meat berserker
    12 | D        | Reached skill level 15 in Fighting
    12 | D        | Reached XP level 15. HP: 129/129 MP: 15/15
    13 | D        | Noticed a meat berserker
    13 | D        | Killed a meat berserker
    13 | D        | Reached ** piety under Makhleb
    13 | D        | Killed a meat berserker
    13 | D        | Reached skill level 27 in Axes
    13 | D        | Reached skill level 15 in Throwing
    13 | D        | Gained mutation: You regenerate health from kills. [demonic ancestry]
    13 | D        | Reached XP level 16. HP: 143/143 MP: 16/16
    15 | D        | Killed a meat berserker
    15 | D        | Reached skill level 27 in Dodging
    15 | D        | Gained mutation: You resist negative energy. (rN+) [demonic ancestry]
    15 | D        | Reached XP level 17. HP: 160/160 MP: 17/17
    16 | D        | Noticed a meat berserker
    17 | D        | Noticed a meat berserker
    17 | D        | Reached *** piety under Makhleb
    19 | D        | Noticed a meat berserker
    20 | D        | Noticed a meat berserker
    20 | D        | Noticed a meat berserker
    20 | D        | Reached **** piety under Makhleb
    20 | D        | Reached skill level 27 in Fighting
    20 | D        | Reached XP level 18. HP: 182/182 MP: 18/18
    21 | D        | Killed a meat berserker
    21 | D        | Reached skill level 27 in Throwing
    22 | D        | Noticed a meat berserker
    22 | D        | Noticed a meat berserker
    22 | D        | Killed a meat berserker
    22 | D        | Gained mutation: You have claws for feet. [demonic ancestry]
    22 | D        | Reached XP level 19. HP: 189/189 MP: 19/19
    23 | D        | Noticed a meat berserker
    24 | D        | Killed a meat berserker
    25 | D        | Noticed a meat berserker
    26 | D        | Noticed a meat berserker
    26 | D        | Killed a meat berserker
    26 | D        | Reached skill level 27 in Armour
    26 | D        | Killed a meat berserker
    26 | D        | Reached ***** piety under Makhleb
    26 | D        | Reached XP level 20. HP: 197/197 MP: 19/36
    27 | D        | Noticed a meat berserker
    27 | D        | Killed a meat berserker
    27 | D        | Reached skill level 15 in Unarmed Combat
    27 | D        | Reached skill level 15 in Spellcasting
    28 | D        | Noticed a large bag of meat
    28 | D        | Killed a meat berserker
    28 | D        | Reached XP level 21. HP: 204/204 MP: 19/43
    29 | D        | Noticed a destroyer
    29 | D        | Reached skill level 27 in Invocations
    29 | D        | Reached ****** piety under Makhleb
    30 | D        | Noticed a destroyer
    31 | D        | Gained mutation: You are somewhat able to resist unholy torments (1 in 2 success). [demonic ancestry]
    31 | D        | Reached XP level 22. HP: 212/212 MP: 20/50
    31 | D        | Reached skill level 27 in Stealth
    31 | D        | Reached skill level 27 in Unarmed Combat
    31 | D        | Reached skill level 27 in Spellcasting
    32 | D        | Noticed a destroyer
    32 | D        | Reached XP level 23. HP: 219/219 MP: 20/54
    33 | D        | Noticed a destroyer
    34 | D        | Noticed a destroyer
    35 | D        | Noticed a destroyer
    35 | D        | Killed a destroyer
    35 | D        | Gained mutation: Your melee attacks may debilitate your foes. [demonic ancestry]
    35 | D        | Reached XP level 24. HP: 227/227 MP: 20/54
    35 | D        | Killed a destroyer
    38 | D        | Killed a destroyer
    38 | D        | Gained mutation: When seriously injured, your bleeding wounds create very thick armour. (AC +12) [demonic ancestry]
    38 | D        | Reached XP level 25. HP: 234/234 MP: 21/54
    39 | D        | Killed a destroyer
    40 | D        | Killed a large bag of meat
    41 | D        | Killed a destroyer
    41 | D        | Reached XP level 26. HP: 242/242 MP: 22/54
    42 | D        | Noticed a large bag of meat
    43 | D        | Noticed The Servant
    44 | D        | Noticed a destroyer
    44 | D        | Noticed a destroyer
    44 | D        | Killed a destroyer
    44 | D        | Gained mutation: You regenerate a lot of health from kills. [demonic ancestry]
    44 | D        | Reached XP level 27. HP: 249/249 MP: 23/54
    45 | D        | Noticed a large bag of meat
    45 | D        | Noticed a large bag of meat
    45 | D        | Noticed a destroyer
    46 | D        | Noticed an accursed
    46 | D        | Noticed a destroyer
    47 | D        | Killed a destroyer
    48 | D        | Noticed a destroyer
    48 | D        | Killed a destroyer
    48 | D        | Killed a destroyer
    50 | D        | Killed a destroyer
    51 | D        | Noticed an accursed
    51 | D        | Killed an accursed
    51 | D        | Killed a destroyer
    52 | D        | Killed a large bag of meat
    53 | D        | Noticed a large bag of meat
    54 | D        | Noticed a destroyer
    54 | D        | Killed a large bag of meat
    55 | D        | Killed a large bag of meat
    57 | D        | Noticed a tyrant
    57 | D        | Noticed a tyrant
    57 | D        | Killed The Servant
    59 | D        | Noticed a tyrant
    59 | D        | Noticed an accursed
    59 | D        | Noticed an accursed
    60 | D        | Killed a destroyer
    60 | D        | Noticed a meat beast
    63 | D        | Noticed a meat beast
    64 | D        | Killed a meat beast
    65 | D        | Noticed a tyrant
    65 | D        | Killed a large bag of meat
    65 | D        | Killed a tyrant
    67 | D        | Killed a meat beast
    67 | D        | Killed a tyrant
    68 | D        | Noticed a large bag of meat
    70 | D        | Killed an accursed
    71 | D        | Noticed a meat beast
    71 | D        | Noticed a large bag of meat
    71 | D        | Killed a tyrant
    74 | D        | Noticed a meat beast
    74 | D        | Killed a meat beast
    74 | D        | Killed an accursed
    75 | D        | Noticed a tyrant
    75 | D        | Noticed a meat beast
    75 | D        | Killed an accursed
    78 | D        | Noticed a meat beast
    79 | D        | Killed a meat beast
    80 | D        | Killed a large bag of meat
    80 | D        | Noticed a meat beast
    81 | D        | Killed a meat beast
    81 | D        | Killed a large bag of meat
    82 | D        | Noticed a tyrant
    82 | D        | Noticed a meat beast
    82 | D        | Noticed a dread
    82 | D        | Noticed a large bag of meat
    82 | D        | Killed a tyrant
    84 | D        | Noticed a meat beast
    84 | D        | Noticed a large bag of meat
    84 | D        | Killed a meat beast
    85 | D        | Noticed a dread
    85 | D        | Noticed an accursed
    86 | D        | Noticed a large bag of meat
    86 | D        | Killed a tyrant
    89 | D        | Killed a meat beast
    89 | D        | Killed a meat beast
    90 | D        | Killed a large bag of meat
    90 | D        | Killed a meat beast
    93 | D        | Noticed a tyrant
    93 | D        | Killed a tyrant
    93 | D        | Killed a large bag of meat
    94 | D        | Noticed a large bag of meat
    95 | D        | Killed a dread
    95 | D        | Noticed a tyrant
    97 | D        | Killed a large bag of meat
   100 | D        | Noticed a meat beast
   100 | D        | Killed a large bag of meat
   101 | D        | Noticed an accursed
   101 | D        | Noticed an accursed
   102 | D        | Noticed a tyrant
   102 | D        | Killed a tyrant
   103 | D        | Noticed an accursed
   103 | D        | Noticed a dread
   103 | D        | Killed an accursed
   103 | D        | Killed a meat beast
   104 | D        | Noticed a meat beast
   104 | D        | Noticed an accursed
   104 | D        | Killed a dread
   105 | D        | Noticed a dread
   106 | D        | Noticed a meat beast
   108 | D        | Killed a meat beast
   109 | D        | Killed a meat beast
   109 | D        | Killed a tyrant
   110 | D        | Noticed a dread
   114 | D        | Noticed an accursed
   114 | D        | Killed a tyrant
   117 | D        | Killed an accursed
   118 | D        | Noticed a tyrant
   118 | D        | Killed from afar by a scourge

Skill      XL: |  1  2  3  4  5  6  7  8  9 10 11 12 13 14 15 16 17 18 19 20 21 22 23 24 |
---------------+-------------------------------------------------------------------------+-----
Fighting       | 10 12 13 15 18 21 27 | 27.0
Axes           | 16 20 22 24 27 | 27.0
Throwing       | 9 11 12 13 15 19 24 27 | 27.0
Dodging        | 16 20 21 23 26 27 | 27.0
Armour         | 2 8 21 27 | 27.0
Stealth        | 13 19 26 27 | 27.0
Unarmed Combat | 12 18 24 27 | 27.0
Spellcasting   | 12 18 24 27 | 27.0
Invocations    | 17 24 27 | 27.0
Short Blades   | 12 | 12.0
Long Blades    | 12 | 12.1
Maces & Flails | 12 | 12.1
Polearms       | 12 | 12.1
Staves         | 12 | 12.2
Slings         | 12 | 12.1
Bows           | 12 | 12.1
Crossbows      | 12 | 12.1
Shields        | 12 | 12.1
Conjurations   | 13 | 13.1
Hexes          | 13 | 13.2
Charms         | 11 | 11.9
Summonings     | 13 | 13.0
Necromancy     | 14 | 14.0
Translocations | 12 | 12.1
Transmutations | 12 | 12.2
Fire Magic     | 12 | 12.1
Ice Magic      | 12 | 12.1
Air Magic      | 12 | 12.3
Earth Magic    | 12 | 12.3
Poison Magic   | 13 | 13.1
Evocations     | 13 | 13.1

Action                   |  1- 3 |  4- 6 |  7- 9 | 10-12 | 13-15 | 16-18 | 19-21 | 22-24 | 25-27 || total
-------------------------+-------+-------+-------+-------+-------+-------+-------+-------+-------++-------
Melee: Executioner's axe |     1 |       |       |     1 |     1 |     6 |     7 |     7 |    70 ||    93
Invok: Major Destruction |       |       |       |       |       |       |       |       |     1 ||     1
Armor: Leather armour    |       |       |       |       |       |       |       |       |     6 ||     6
Dodge: Dodged            |       |       |       |     2 |       |       |     1 |       |    23 ||    26
